[Event "Hungarian Youth-ch U18 2022"]
[Site "Eger"]
[Date "2022.07.30"]
[Round "8.4"]
[White "Toth, Nikoletta"]
[Black "Buri, Kata"]
[Result "1-0"]
[ECO "A05"]
[WhiteElo "1914"]
[BlackElo "1730"]
[Annotator "TA"]
[PlyCount "49"]
[EventDate "2022.07.21"]
[EventType "tourn"]
[EventCountry "HUN"]
[SourceTitle "playchess.com"]
[Source "ChessBase"]
[SourceQuality "1"]
[TimeControl "40/5400+30:1800+30"]

1. Nf3 Nf6 2. g3 c5 3. Bg2 Nc6 4. c4 e5 5. Nc3 g6 6. O-O Bg7 7. Ne1 {[%emt 0:11:33][%cal Bf3e1,Be1c2,Bc2e3,Be3d5][%mdl 32] A38: Symmetrical English vs ...g6: 4 Bg2 Bg7 5 Nf3 Nf6.} d6 8. Nc2 Be6 9. Ne3 {[%emt 0:00:05] The position is equal.} Qd7 10. Ned5 {[%emt 0:05:10] [#]} h5 $146 ({Predecessor:} 10... Ne7 11. Qb3 Nexd5 12. Nxd5 Rb8 13. a4 O-O 14. Qb5 Qd8 15. b4 Nxd5 16. Bxd5 a6 {0-1 (53) Dondukov,S (2187)-Mikhel,V (2344) Novokuznetsk 2007}) 11. h4 Ng8 (11... O-O $11) 12. d3 $14 Nge7 13. Bg5 {[%emt 0:04:21] White is more active.} O-O (13... Bxd5 $16 14. Nxd5 (14. Bxd5 f6 $11) 14... Nxd5 15. Bxd5 O-O) 14. Nf6+ $18 Bxf6 15. Bxf6 Nf5 (15... d5 $142 16. Qd2 Kh7) 16. Qd2 Kh7 17. Ne4 {[%emt 0:02:24][%cal Of6e5] Hoping for Bxe5!} d5 $2 {[%emt 0:03:36] [#]} (17... Qc7 18. Rfb1 Rab8) 18. Ng5+ Kg8 19. cxd5 Bxd5 20. e4 Nce7 21. exd5 Nxd5 22. Ne4 Qc7 (22... Qe6 $142 23. Nxc5 Qxf6 24. Bxd5 Rab8) 23. Bh3 {[%emt 0:01:53] White is clearly winning.} Nxf6 24. Nxf6+ Kg7 {[%emt 0:00:07] [#]} 25. Nxh5+ $1 {[%emt 0:01:36][%mdl 512] Weighted Error Value: White=0.03 (flawless) /Black=0.41} 1-0

[Event "Hungarian Youth-ch U18 2022"]
[Site "Eger"]
[Date "2022.07.30"]
[Round "8.5"]
[White "Somogyi, Barbara"]
[Black "Juhasz, Judit"]
[Result "1/2-1/2"]
[ECO "B32"]
[WhiteElo "1682"]
[BlackElo "2037"]
[Annotator "TA"]
[PlyCount "93"]
[EventDate "2022.07.21"]
[EventType "tourn"]
[EventCountry "HUN"]
[SourceTitle "playchess.com"]
[Source "ChessBase"]
[SourceQuality "1"]
[TimeControl "40/5400+30:1800+30"]

1. e4 c5 2. Nf3 Nc6 3. d4 cxd4 4. Nxd4 Qb6 5. Nb5 a6 6. Be3 Qa5+ 7. N5c3 Nf6 8. Nd2 b5 9. Nb3 Qc7 10. Bd3 e6 11. O-O Be7 12. f4 d6 13. Qf3 {[%emt 0:03:37][%cal Oe4e5] B57: Classical Sicilian: Sozin with 6...Qb6.} Nb4 14. Rac1 (14. a3 Nxd3 15. cxd3) 14... Bb7 {[%emt 0:04:03] [#]} 15. a3 $146 {[%emt 0:05:01] White is slightly better.} ({Predecessor:} 15. Qh3 e5 16. Nd2 Qd7 17. f5 d5 18. Bg5 d4 19. Ne2 Nxa2 20. Ra1 Nb4 21. Nf3 Nc6 22. Bd2 Qc7 23. g4 {1-0 (72) Van der Sluijs,L-Adema,R Alkmaar 1983}) 15... Nc6 16. a4 b4 17. Ne2 d5 (17... O-O $11) 18. e5 $16 Nd7 (18... Ne4 $16 {was called for.}) 19. Ned4 $18 Rc8 20. Nxe6 fxe6 $11 21. Qh5+ Kd8 22. Qf7 Na5 (22... g5 23. Qxe6 d4 24. Nxd4 Bc5) (22... g5 $11 23. Qxe6 d4 24. Nxd4 Nxd4 25. Bxd4 Bc5) 23. Nd4 (23. Qxe6 Nxb3 24. cxb3 Bc5) (23. Qxg7 Re8 24. f5) (23. Qxe6 $6 Nxb3 24. cxb3 Bc5 $15) (23. Qxg7 $16 Re8 24. Nd4) 23... Nc5 24. Qxg7 (24. Nxe6+ Nxe6 25. Qxe6 Nc4 26. Bxc4 Qxc4) (24. c3 b3 25. Rcd1 (25. Nxe6+ Nxe6 26. Qxe6 Bc5) (25. Qxg7 Kd7)) (24. Nxe6+ Nxe6 25. Qxe6 Nc4 26. Bxc4 Qxc4 $17) (24. c3 $5 b3 25. Rcd1 $15 (25. Nxe6+ Nxe6 26. Qxe6 Bc5 $15) (25. Qxg7 Kd7 $11)) 24... Re8 (24... Kd7 $1 $11 {keeps the balance.} 25. f5 Rcg8) 25. Bxh7 (25. f5) ({White should try} 25. f5 $16) 25... Bf8 26. Qg6 {[%emt 0:05:10] 0x0.001e3cf10562dp-1022s more active pieces.} (26. Qf6+ Qe7) (26. Qg5+ Be7 27. Qg4) ({Don't play} 26. Qf6+ $6 Qe7 $11) (26. Qg5+ $1 $16 Be7 27. Qh6) 26... Re7 $2 {[%emt 0:06:51] [#]} (26... Nc4 $11 {and Black stays safe.} 27. Bf2 Qg7) 27. Bg8 ({White has to play} 27. f5 $1 $18 Qxe5 28. Rce1) 27... Kd7 (27... Rg7 $16 28. Qf6+ (28. Nxe6+ Nxe6 29. Qf6+ Be7 $17) 28... Qe7 29. Bxe6 Rc7) 28. h4 $2 (28. c3 $18 b3 29. Rce1) 28... Bg7 $2 {[%emt 0:15:39] [#]} (28... Nc4 $16 29. Bf2 Rce8) 29. Nxe6 $1 {[%emt 0:02:11][%mdl 512] Dancing on a razor blade.} Nxe6 30. Bxe6+ {[%emt 0:00:06][%mdl 64] Remove Defender} Rxe6 31. Qxg7+ Kc6 32. Qxc7+ Rxc7 33. Bd4 {[%emt 0:00:53] Black must now prevent f5.} Bc8 (33... Rh6 {might work better.}) 34. f5 $18 Rh6 35. Rf4 Rf7 {[%emt 0:02:35] [#]} 36. Rcf1 $1 Nc4 (36... Rxf5 $142 37. Rxf5 Bxf5) 37. e6 Rfh7 38. g3 {[%emt 0:02:27] aiming for Re1.} Nd2 (38... Nd6 $142 39. Re1 Re7) 39. Re1 Ne4 40. Rg4 Kd6 41. c4 {[%emt 0:10:02] Strongly threatening cxd5.} bxc3 42. bxc3 Rh5 43. Rg8 Rc7 44. Rb1 $2 (44. Rd8+ Bd7 45. exd7 Rxd7 46. Ra8 Rxf5 47. Rxa6+ Kc7 48. Kg2) 44... Rxf5 45. Rb6+ Ke7 46. Rg7+ {[%emt 0:00:12][%mdl 1024] White has strong compensation.} Kd8 {[%emt 0:00:06] [#]} 47. Rg8+ {[%emt 0:01:51] Weighted Error Value: White=0.61/Black=0.77} (47. Rg6 $1 $16) 1/2-1/2

[Event "Hungarian Youth-ch U18 2022"]
[Site "Eger"]
[Date "2022.07.30"]
[Round "8.6"]
[White "Koltai, Dora"]
[Black "Sulyok, Eszter"]
[Result "0-1"]
[ECO "B43"]
[WhiteElo "1764"]
[BlackElo "2091"]
[Annotator "TA"]
[PlyCount "86"]
[EventDate "2022.07.21"]
[EventType "tourn"]
[EventCountry "HUN"]
[SourceTitle "playchess.com"]
[Source "ChessBase"]
[SourceQuality "1"]
[TimeControl "40/5400+30:1800+30"]

1. e4 c5 2. Nf3 e6 3. d4 cxd4 4. Nxd4 a6 5. Nc3 Qc7 6. Bd3 Bc5 7. Nb3 Be7 8. O-O Nf6 9. f4 d6 10. Kh1 {[%emt 0:01:37] B43: Sicilian: Kan Variation: 5 Nc3.} b5 {[%emt 0:08:42] [#]} (10... Nbd7) (10... Nbd7 $11) 11. Qf3 (11. e5 dxe5 12. fxe5) (11. e5 $1 $16 dxe5 12. fxe5) 11... Bb7 12. a3 {[%emt 0:14:05] The position is equal.} Nbd7 13. Bd2 Nc5 14. Nd4 d5 15. e5 Nfe4 {[%emt 0:01:14] [#]} 16. Bxe4 $146 ({Predecessor:} 16. Be1 O-O 17. Qh5 Rfe8 18. Nd1 Qb6 19. Rf3 Nxd3 20. Rxd3 Rac8 21. c3 Bc5 22. Ne3 f5 23. exf6 Nxf6 24. Qh3 e5 25. fxe5 {½-½ (24) Zuriel,M (2178)-Antunes,L (2061) Florianopolis 2020}) 16... Nxe4 17. Nxe4 dxe4 18. Qg3 O-O-O (18... Bc5 19. c3 (19. Qxg7 O-O-O) 19... g6) (18... Bc5 $11 19. c3 (19. Qxg7 $2 O-O-O $19) 19... g6) 19. Be3 Bc5 (19... g6 $14) 20. Rfd1 (20. c3 $16) 20... Rhg8 21. b4 (21. c3 $14) 21... Bb6 ({Black should play} 21... Bxd4 $11 22. Bxd4 Qc4) 22. Nb3 (22. c3 $5) 22... Bxe3 (22... Qxc2 $2 23. Rdc1 Rd1+ 24. Rxd1 $18) 23. Qxe3 g5 $36 {[%emt 0:01:50][%mdl 2048] Black has some pressure.} 24. fxg5 Qxe5 (24... Rxd1+ $1 $11 25. Rxd1 Qxe5) 25. Qc5+ $2 (25. Rxd8+ $1 $14 Rxd8 26. Kg1) 25... Qxc5 $17 26. Nxc5 Rxd1+ (26... Bd5 {with more complications.} 27. a4 e3 28. h4 h6) 27. Rxd1 Rxg5 28. Nxb7 {[%emt 0:01:34] Now White is beyond hope.} (28. Re1 $17) 28... Kxb7 {[%emt 0:00:06][%mdl 4096] Endgame KR-KR} 29. Rd7+ $2 (29. Kg1) 29... Kc6 $19 30. Rxf7 (30. Rd1 $142 Rd5 31. Rc1) 30... Rf5 31. Rxf5 exf5 {[%emt 0:00:04] KP-KP} 32. Kg1 Kd5 33. Kf2 Kd4 {[%emt 0:00:55] [#] ...Kc3 is the strong threat.} 34. h3 Kc3 {[%emt 0:00:58] Black mates.} 35. Ke3 Kxc2 36. g4 fxg4 37. hxg4 Kb3 38. Kxe4 Kxa3 39. Kf5 Kxb4 {[%emt 0:00:05] KP-KP} 40. Kg5 a5 41. Kh6 a4 42. Kxh7 a3 43. g5 a2 {[%emt 0:00:08] Weighted Error Value: White=0.64/Black=0.30} 0-1

[Event "Hungarian Youth-ch U18 2022"]
[Site "Eger"]
[Date "2022.07.30"]
[Round "8.7"]
[White "Kiss, Eniko"]
[Black "Ivan, Reka Gyongyver"]
[Result "0-1"]
[ECO "A18"]
[WhiteElo "1646"]
[BlackElo "1877"]
[Annotator "NA RC COMBH"]
[PlyCount "80"]
[EventDate "2022.07.21"]
[EventType "tourn"]
[EventCountry "HUN"]
[SourceTitle "playchess.com"]
[Source "ChessBase"]
[SourceQuality "1"]
[TimeControl "40/5400+30:1800+30"]

1. c4 Nf6 2. Nc3 e6 3. e4 d6 4. g3 b6 5. Bg2 Bb7 6. Nge2 c5 7. d4 cxd4 8. Nxd4 a6 9. O-O Qc7 10. Qd3 Nbd7 11. Bd2 ({White should try} 11. Qe2 $14) 11... Ne5 12. Qe2 Qxc4 13. Be3 Qxe2 14. Ndxe2 b5 15. b3 Be7 16. Bd4 (16. a3 $17 {might work better.}) 16... Nc6 ({Black should try} 16... g5 17. h3 Rg8) 17. e5 dxe5 18. Bxe5 O-O 19. Kh1 ({White should play} 19. Bxf6 Bxf6 20. Rac1) 19... Na5 (19... b4 $19 20. Ne4 Nxe5 21. Nxf6+ gxf6 22. Bxb7 Ra7) 20. f3 (20. h3 $142) 20... Rac8 21. Rac1 Rfd8 22. Rc2 b4 23. Rfc1 bxc3 24. Bxc3 Nc6 25. f4 Nd5 26. Bd2 Ba3 27. Re1 Ndb4 $19 28. Bxb4 Nxb4 29. Rxc8 Bxg2+ 30. Kxg2 Rxc8 31. Rd1 g6 32. Kf1 Nd5 33. Rd3 Rc2 34. Nd4 Rxh2 35. Nc6 Rxa2 36. Ne5 Bc5 37. Nc4 Kg7 38. Ke1 Rg2 39. Kf1 Rh2 40. Ke1 h5 0-1

[Event "Hungarian Youth-ch U18 2022"]
[Site "Eger"]
[Date "2022.07.31"]
[Round "9.1"]
[White "Baski, Barnabas"]
[Black "Karacsonyi, Gellert"]
[Result "0-1"]
[ECO "A45"]
[WhiteElo "2142"]
[BlackElo "2338"]
[Annotator "RC"]
[PlyCount "80"]
[EventDate "2022.07.21"]
[EventType "tourn"]
[EventCountry "HUN"]
[SourceTitle "playchess.com"]
[Source "ChessBase"]
[SourceQuality "1"]
[TimeControl "40/5400+30:1800+30"]

1. d4 Nf6 2. Bg5 d5 3. e3 e6 4. Nd2 Be7 5. c3 b6 6. f4 O-O 7. Bd3 Ba6 8. Bxa6 Nxa6 9. Ngf3 c5 10. Qe2 Nb8 11. Ne5 Nfd7 12. Bxe7 Qxe7 13. O-O f5 14. Ndf3 Nxe5 15. Nxe5 Nd7 16. Nxd7 Qxd7 17. Kh1 a5 18. g4 c4 19. g5 b5 20. Rfc1 Rfc8 21. a3 Rab8 22. Rc2 Rb6 23. Kg2 Qb7 24. Qf2 Ra8 25. Rac1 Rba6 26. Qe2 b4 27. axb4 axb4 28. Qf2 Ra1 29. Qe1 R1a4 30. Qf2 Ra2 31. Qe2 Qa6 32. Qf2 Qa4 33. Qe2 Qb3 34. Kf3 Ra1 35. Qd2 Rxc1 36. Qxc1 Ra2 37. cxb4 Qxb4 38. h4 Qa4 39. Rc3 Ra1 40. Ra3 Qxa3 0-1

[Event "Hungarian Youth-ch U18 2022"]
[Site "Eger"]
[Date "2022.07.31"]
[Round "9.2"]
[White "Reviczki, Roland"]
[Black "Forgacs, Attila Jr."]
[Result "1/2-1/2"]
[ECO "C84"]
[WhiteElo "2160"]
[BlackElo "2215"]
[Annotator "RC"]
[PlyCount "119"]
[EventDate "2022.07.21"]
[EventType "tourn"]
[EventCountry "HUN"]
[SourceTitle "playchess.com"]
[Source "ChessBase"]
[SourceQuality "1"]
[TimeControl "40/5400+30:1800+30"]

1. e4 e5 2. Nf3 Nc6 3. Bb5 a6 4. Ba4 Nf6 5. O-O Be7 6. d4 exd4 7. e5 Ne4 8. Nxd4 O-O 9. Nf5 d5 10. Nxe7+ Nxe7 11. c3 Bf5 12. Be3 Bg6 13. f3 Nf5 14. Bd4 Ng5 15. Bc5 Ne7 16. f4 Ne4 17. Bxe7 Qxe7 18. f5 Qc5+ 19. Qd4 Bh5 20. Rf4 Qxd4+ 21. cxd4 g5 22. fxg6 Bxg6 23. Nc3 Rad8 24. Rd1 Ng5 25. b4 Kg7 26. Rf6 h6 27. Rd2 Nh7 28. Rf3 c6 29. Rg3 Kh8 30. Rh3 Kg7 31. Rg3 Kh8 32. h4 Rg8 33. Rf2 Rdf8 34. Bd1 f6 35. e6 Re8 36. Re3 Re7 37. Na4 Be4 38. Nc5 f5 39. Nxe4 fxe4 40. Bh5 Rgg7 41. Bf7 Rg4 42. g3 Rg7 43. Kh2 Nf8 44. Rf6 Rh7 45. Re1 Kg7 46. Ref1 e3 47. R6f3 e2 48. Re1 Nxe6 49. Bxe6 Rxe6 50. Rf2 Kg6 51. Rfxe2 Rxe2+ 52. Rxe2 Kf6 53. g4 Rh8 54. Kg3 a5 55. bxa5 Ra8 56. Kf4 Rxa5 57. g5+ hxg5+ 58. hxg5+ Kg6 59. Rb2 Ra4 60. Ke5 1/2-1/2

[Event "Hungarian Youth-ch U18 2022"]
[Site "Eger"]
[Date "2022.07.31"]
[Round "9.3"]
[White "Virag, Balint"]
[Black "Juhasz, Agoston"]
[Result "1-0"]
[ECO "B76"]
[WhiteElo "2164"]
[BlackElo "2344"]
[Annotator "RC"]
[PlyCount "127"]
[EventDate "2022.07.21"]
[EventType "tourn"]
[EventCountry "HUN"]
[SourceTitle "playchess.com"]
[Source "ChessBase"]
[SourceQuality "1"]
[TimeControl "40/5400+30:1800+30"]

1. e4 c5 2. Nf3 d6 3. d4 cxd4 4. Nxd4 Nf6 5. Nc3 g6 6. Be3 Bg7 7. f3 O-O 8. Qd2 Nc6 9. O-O-O d5 10. Qe1 e5 11. Nxc6 bxc6 12. exd5 Nxd5 13. Bc4 Be6 14. Kb1 Re8 15. h4 Qc7 16. Bc5 e4 17. Nxe4 Nc3+ 18. Nxc3 Bxc4 19. Qd2 Rad8 20. Bd6 Qb6 21. Rhe1 Be6 22. Na4 Qb5 23. b3 h5 24. Qb4 Qf5 25. Qf4 Rxd6 26. Qxd6 Qf6 27. c3 Qxh4 28. Kb2 Kh7 29. Re4 Qg5 30. Qd2 Qa5 31. g4 h4 32. f4 Rb8 33. f5 Bd5 34. fxg6+ fxg6 35. Qg5 Qb5 36. Re7 Rf8 37. Rd2 h3 38. Qh4+ Kg8 39. Qxh3 Rb8 40. Qg3 Bxb3 41. Qxb8+ Qxb8 42. axb3 Bf6 43. Re6 Qf4 44. Kc2 Bg5 45. Rxg6+ Kf7 46. Rgd6 Qe4+ 47. R2d3 Qe2+ 48. Kb1 Qe1+ 49. Rd1 Qe4+ 50. R6d3 Qxg4 51. Nc5 Qf5 52. Nb7 Be7 53. Kb2 Qe5 54. Rd7 Ke8 55. R7d3 Qb5 56. Nd6+ Bxd6 57. Rxd6 a5 58. Re1+ Kf7 59. Rd4 Qf5 60. Re2 Qb5 61. Rf4+ Kg6 62. Rg2+ Kh5 63. Rf8 Qe5 64. Rh8+ 1-0

[Event "Hungarian Youth-ch U18 2022"]
[Site "Eger"]
[Date "2022.07.31"]
[Round "9.4"]
[White "Ivan, Reka Gyongyver"]
[Black "Toth, Nikoletta"]
[Result "1-0"]
[ECO "D00"]
[WhiteElo "1877"]
[BlackElo "1914"]
[Annotator "RC"]
[PlyCount "89"]
[EventDate "2022.07.21"]
[EventType "tourn"]
[EventCountry "HUN"]
[SourceTitle "playchess.com"]
[Source "ChessBase"]
[SourceQuality "1"]
[TimeControl "40/5400+30:1800+30"]

1. d4 d5 2. Bf4 Nf6 3. e3 c5 4. c3 Nc6 5. Nd2 Bf5 6. Qb3 Qd7 7. Ngf3 c4 8. Qd1 e6 9. Be2 h6 10. O-O Be7 11. b3 b5 12. a4 Na5 13. Ne5 Qb7 14. axb5 Nxb3 15. Nxb3 cxb3 16. Qxb3 O-O 17. Nc6 Ne4 18. Qb2 Bd6 19. Bxd6 Nxd6 20. Ra6 Nc8 21. Rfa1 Re8 22. Qa3 Bg6 23. Nxa7 Nb6 24. Nc6 Qc7 25. Ra7 Rxa7 26. Qxa7 Qxa7 27. Rxa7 Ra8 28. Rxa8+ Nxa8 29. Ne7+ Kf8 30. Nc8 Bc2 31. b6 Nxb6 32. Nxb6 Ke7 33. c4 dxc4 34. Nxc4 Kf6 35. Kf1 Ba4 36. Ke1 Bc6 37. g3 Be4 38. Kd2 Bc6 39. Ne5 Bb7 40. Kc3 Ke7 41. Bf3 Bc8 42. Kb4 Ba6 43. Kc5 Kf6 44. Kd6 g6 45. Bc6 1-0

[Event "Hungarian Youth-ch U18 2022"]
[Site "Eger"]
[Date "2022.07.31"]
[Round "9.5"]
[White "Sulyok, Eszter"]
[Black "Kiss, Eniko"]
[Result "1-0"]
[ECO "A20"]
[WhiteElo "2091"]
[BlackElo "1646"]
[Annotator "RC"]
[PlyCount "43"]
[EventDate "2022.07.21"]
[EventType "tourn"]
[EventCountry "HUN"]
[SourceTitle "playchess.com"]
[Source "ChessBase"]
[SourceQuality "1"]
[TimeControl "40/5400+30:1800+30"]

1. c4 e5 2. e3 f5 3. Nc3 Nf6 4. g3 g6 5. Bg2 Bg7 6. Nge2 d6 7. O-O c6 8. d4 O-O 9. Rb1 Be6 10. b3 Kh8 11. a4 Qe7 12. Ba3 e4 13. d5 cxd5 14. cxd5 Bd7 15. Rc1 Ng4 16. Nd4 a6 17. Nce2 b5 18. Rc7 Qf6 19. Nf4 bxa4 20. bxa4 Rf7 21. Qb3 a5 22. Qb7 1-0

[Event "Hungarian Youth-ch U18 2022"]
[Site "Eger"]
[Date "2022.07.31"]
[Round "9.6"]
[White "Juhasz, Judit"]
[Black "Koltai, Dora"]
[Result "1-0"]
[ECO "B12"]
[WhiteElo "2037"]
[BlackElo "1764"]
[Annotator "RC"]
[PlyCount "47"]
[EventDate "2022.07.21"]
[EventType "tourn"]
[EventCountry "HUN"]
[SourceTitle "playchess.com"]
[Source "ChessBase"]
[SourceQuality "1"]
[TimeControl "40/5400+30:1800+30"]

1. e4 c6 2. d4 d5 3. e5 Bf5 4. h4 h5 5. Bd3 Bxd3 6. Qxd3 Qa5+ 7. Nd2 e6 8. Ne2 Nd7 9. O-O Ne7 10. b3 Nf5 11. Nf3 Be7 12. g3 O-O 13. Bg5 Bxg5 14. hxg5 g6 15. g4 hxg4 16. Nh2 Kg7 17. Nxg4 Rh8 18. Nf6 Qc7 19. Ng3 Rh4 20. Nxf5+ exf5 21. Qg3 Rah8 22. Qxh4 Nxe5 23. Ne8+ Rxe8 24. dxe5 1-0

[Event "Hungarian Youth-ch U18 2022"]
[Site "Eger"]
[Date "2022.07.31"]
[Round "9.7"]
[White "Buri, Kata"]
[Black "Somogyi, Barbara"]
[Result "0-1"]
[ECO "B03"]
[WhiteElo "1730"]
[BlackElo "1682"]
[Annotator "NA RC"]
[PlyCount "56"]
[EventDate "2022.07.21"]
[EventType "tourn"]
[EventCountry "HUN"]
[SourceTitle "playchess.com"]
[Source "ChessBase"]
[SourceQuality "1"]
[TimeControl "40/5400+30:1800+30"]

1. e4 Nf6 2. e5 Nd5 3. c4 Nb6 4. d4 d6 5. exd6 cxd6 6. Nc3 g6 7. Nf3 Bg7 8. Be2 O-O 9. O-O Bg4 10. Qc2 Bxf3 11. Bxf3 Nc6 12. Bxc6 bxc6 13. c5 Nd5 14. Nxd5 cxd5 15. Rd1 Rc8 16. Rb1 e5 17. b4 exd4 18. Qd2 dxc5 19. bxc5 Re8 20. Ba3 Qc7 21. Re1 Qc6 22. Rec1 Qa6 23. Bb2 Re2 24. Qf4 Re4 25. Qg5 Qe6 26. h3 Re8 27. Ba3 Be5 28. Rf1 Bf4 0-1